 Dungeon Crawl Stone Soup version 0.31-a0-161-gb58dd9be76 (webtiles) character file.

Game seed: 12522169154078416311

252 olmar the Cudgeller (level 6, -11/42 (50) HPs)
             Began as a Gnoll Reaver on June 13, 2023.
             Killed from afar by Dowan (20 damage)
             ... with a shard of ice
             ... on level 4 of the Dungeon.
             The game lasted 00:05:35 (3244 turns).

olmar the Cudgeller (Gnoll Reaver)                  Turns: 3244, Time: 00:05:35

HP:   -11/42 (50)   AC:  4    Str: 14    XL:     6   Next: 13%
MP:   1/14          EV: 12    Int: 12    God:
Gold: 167           SH:  0    Dex: 10    Spells: 7/15 levels left

rFire   . . .        a - +0 mace
rCold   . . .        (no shield)
rNeg    . . .        b - +0 leather armour
rPois   +            (no helmet)
rElec   .            r - +0 cloak
rCorr   .            (no gloves)
SInv    .            (no boots)
Will    .....        (no amulet)
Stlth   +            d - ring of poison resistance
HPRegen 0.27/turn    v - ring of wizardry
MPRegen 0.14/turn

%: wizardry (x1)
@: attractive, very slightly contaminated, heavily drained, invisible
A: fangs 1, strong nose, distributed training
a: no special abilities


You were on level 4 of the Dungeon.
You visited 1 branch of the dungeon, and saw 4 of its levels.

You collected 167 gold pieces.

Inventory:

Hand Weapons
 a - a +0 mace (weapon)
 n - a +0 dagger of speed
 t - a +2 vampiric falchion
Missiles
 u - 3 boomerangs of dispersal
Armour
 b - a +0 leather armour (worn)
 r - a +0 cloak (worn)
Magical Staves
 c - a staff of fire
Jewellery
 d - a ring of poison resistance (left hand)
 v - a ring of wizardry (right hand)
Scrolls
 g - 2 scrolls of blinking
 i - a scroll of teleportation
 k - a scroll of immolation
 o - a scroll of poison
 s - a scroll of fog {unknown}
Potions
 f - a potion of might
 l - a potion of lignification {unknown}
 q - a potion of heal wounds {unknown}


   Skills:
 + Level 4.9 Fighting
 + Level 1.9 Short Blades
 + Level 1.9 Long Blades
 + Level 1.9 Axes
 + Level 6.8 Maces & Flails
 + Level 1.9 Polearms
 + Level 1.9 Staves
 + Level 1.9 Ranged Weapons
 + Level 1.9 Throwing
 + Level 1.9 Armour
 + Level 4.9 Dodging
 + Level 1.9 Stealth
 + Level 1.9 Shields
 + Level 1.9 Unarmed Combat
 + Level 5.3 Spellcasting
 + Level 5.6 Conjurations
 + Level 1.5 Hexes
 + Level 1.5 Summonings
 + Level 1.5 Necromancy
 + Level 1.5 Translocations
 + Level 1.5 Transmutations
 + Level 1.5 Fire Magic
 + Level 1.5 Ice Magic
 + Level 1.5 Air Magic
 + Level 1.5 Earth Magic
 + Level 1.5 Poison Magic
 + Level 2.1 Invocations
 + Level 1.9 Evocations


You had 7 spell levels left.
You knew the following spells:

 Your Spells              Type           Power      Damage    Failure   Level
a - Kiss of Death         Conj/Necr      44%        2d8       2%          1
b - Momentum Strike       Conj/Tloc      22%        3d8       3%          2
c - Hailstorm             Conj/Ice       11%        3d5       6%          3
d - Poisonous Vapours     Pois/Air       12%        N/A       8%          2

Your spell library contained the following spells:

 Spells                   Type           Power      Damage    Failure   Level
 Sting                    Tmut/Pois      24%        1d4       5%          1
 Olgreb's Toxic Radiance  Pois           6%         N/A       43%         4


Dungeon Overview and Level Annotations

Branches:
Dungeon (4/15)
 Temple: D:4-7

Altars:

Shops:
D:4 (

Annotations:
D:4 Dowan


Innate Abilities, Weirdness & Mutations

You have very sharp teeth.
Your uncanny sense of smell can sniff out nearby items.
Your experience applies equally to all skills.


Message History

Aim: Dowan, wielding a +0 dagger and wearing a +0 robe (lightly wounded, fast, very poisoned, 46% to hit)
You throw a poisoned dart. The poisoned dart hits Dowan.
Dowan looks even sicker.
Dowan is lightly wounded.
Dowan hits you with a +0 dagger.
You barely miss Dowan.
Dowan is lightly wounded.
Dowan gestures at you while chanting. The shard of ice hits you!
* * * LOW HITPOINT WARNING * * *
Unknown command.
It was a potion of invisibility.
You fade into invisibility!
Dowan hits you with a +0 dagger.
* * * LOW HITPOINT WARNING * * *
Dowan closely misses you.
It was a potion of attraction.
You feel attractive to monsters.
Dowan drinks a potion.
Dowan seems to grow stronger.
It was a potion of mutation.
You feel extremely strange.
You feel yourself wasting away.
You feel healthier.
Dowan casts a spell.
Dowan blinks!
Dowan is attracted toward you.
Unknown command.
Unknown command.
Casting: Poisonous Vapours (safe; 8% risk of failure)
Confirm with . or Enter, or press ? or * to list all spells.
Aiming: Kiss of Death (safe; 2% risk of failure)
Press: ? - help, Shift-Dir - straight line, f/p - Dowan
Aim: Dowan, wielding a +0 dagger and wearing a +0 robe (heavily wounded, fast, strong, unable to see you, very poisoned, 100% to hit)
The negative energy hits Dowan!
Dowan is drained!
Dowan is almost dead.
You feel drained. Dowan casts a spell at you. The stone arrow misses you.
You barely miss Dowan.
Dowan is almost dead.
Dowan gestures at you while chanting. The shard of ice hits you!!
You die...

#.# #.# ##.# #..##
####...# #(.....#
# #(#....## #
#)##....# #
#@##e...### #
##e##......## #
#≈.≈#.......# #
#≈§≈........# #
##<#.(......## #
#.#.........# ##
#.#...(.....## ##.
#+#.###(..[..###..
## ##...........


You could see Dowan (fast, strong, unable to see you, very poisoned, very
drained).

Vanquished Creatures
  Duvessa (D:4)
  Terence (D:3)
  5 adders
  2 dart slugs
  2 orcs (D:3)
  7 ball pythons
  6 endoplasms
  8 giant cockroaches
  2 goblins (D:2)
  6 hobgoblins
  3 jackals (D:4)
  A quokka (D:4)
  2 bats (D:1)
  4 frilled lizards
  11 kobolds
  4 rats
  A spectral goblin (D:3)
66 creatures vanquished.

Notes
Turn   | Place    | Note
-------+----------+-------------------------------------------
     0 | D:1      | olmar the Gnoll Reaver began the quest for the Orb.
     0 | D:1      | Reached XP level 1. HP: 20/20 MP: 6/6
   213 | D:1      | Reached XP level 2. HP: 26/26 MP: 7/7
   216 | D:1      | Learned a level 2 spell: Momentum Strike
   545 | D:1      | Reached skill level 5 in Spellcasting
   545 | D:1      | Reached XP level 3. HP: 31/31 MP: 7/9
  1251 | D:2      | Reached skill level 1 in Invocations
  1261 | D:2      | Learned a level 3 spell: Hailstorm
  1521 | D:2      | Reached skill level 1 in Short Blades
  1521 | D:2      | Reached skill level 1 in Long Blades
  1521 | D:2      | Reached skill level 1 in Axes
  1521 | D:2      | Reached skill level 1 in Polearms
  1521 | D:2      | Reached skill level 1 in Staves
  1521 | D:2      | Reached skill level 1 in Ranged Weapons
  1521 | D:2      | Reached skill level 1 in Throwing
  1521 | D:2      | Reached skill level 1 in Armour
  1521 | D:2      | Reached skill level 1 in Stealth
  1521 | D:2      | Reached skill level 1 in Shields
  1521 | D:2      | Reached skill level 1 in Unarmed Combat
  1521 | D:2      | Reached skill level 1 in Evocations
  2376 | D:3      | Reached XP level 4. HP: 38/38 MP: 11/11
  2489 | D:3      | Reached skill level 1 in Hexes
  2489 | D:3      | Reached skill level 1 in Summonings
  2489 | D:3      | Reached skill level 1 in Necromancy
  2489 | D:3      | Reached skill level 1 in Translocations
  2489 | D:3      | Reached skill level 1 in Transmutations
  2489 | D:3      | Reached skill level 1 in Fire Magic
  2489 | D:3      | Reached skill level 1 in Ice Magic
  2489 | D:3      | Reached skill level 1 in Air Magic
  2489 | D:3      | Reached skill level 1 in Earth Magic
  2489 | D:3      | Reached skill level 1 in Poison Magic
  2573 | D:3      | Found a faded altar of an unknown god.
  2607 | D:3      | Noticed Terence
  2615 | D:3      | Killed Terence
  2631 | D:3      | Learned a level 2 spell: Poisonous Vapours
  2718 | D:3      | Reached XP level 5. HP: 43/43 MP: 12/12
  2868 | D:4      | Found Ceur's Antique Weapon Shoppe.
  3166 | D:4      | Noticed Duvessa
  3167 | D:4      | Noticed Dowan
  3224 | D:4      | Killed Duvessa
  3225 | D:4      | Reached XP level 6. HP: 26/50 MP: 1/14
  3242 | D:4      | Gained mutation: Your body sometimes deteriorates upon
                  | taking damage. [potion of mutation]
  3242 | D:4      | Lost mutation: Your body sometimes deteriorates upon taking
                  | damage. [potion of mutation]
  3244 | D:4      | Killed from afar by Dowan

Illustrated notes

Levels and vault maps discovered:
D:1:      psy_arrival_terrarium, layout_basic, serial_bayou,
          serial_bayou_lagoon_b, serial_bayou_lagoon_a, serial_bayou_lake_a,
          serial_bayou_pond_d
D:2:      layout_basic
D:3:      layout_rooms, dreamdust_ecumenical_altar_drowned_temple, nrook_uturn,
          uniq_terence
D:4:      layout_layer_cave, serial_shops, nicolae_shop_hallway_stairs,
          minmay_cupped, uniq_duvessa

Skill      XL: |  1  2  3  4  5 |
---------------+----------------+-----
Spellcasting   | 5 |  5.3
Invocations    | 1 2 |  2.1
Short Blades   | 1 |  1.9
Long Blades    | 1 |  1.9
Axes           | 1 |  1.9
Polearms       | 1 |  1.9
Staves         | 1 |  1.9
Ranged Weapons | 1 |  1.9
Throwing       | 1 |  1.9
Armour         | 1 |  1.9
Stealth        | 1 |  1.9
Shields        | 1 |  1.9
Unarmed Combat | 1 |  1.9
Evocations     | 1 |  1.9
Hexes          | 1 |  1.5
Summonings     | 1 |  1.5
Necromancy     | 1 |  1.5
Translocations | 1 |  1.5
Transmutations | 1 |  1.5
Fire Magic     | 1 |  1.5
Ice Magic      | 1 |  1.5
Air Magic      | 1 |  1.5
Earth Magic    | 1 |  1.5
Poison Magic   | 1 |  1.5
Fighting       | |  4.9
Maces & Flails | |  6.8
Dodging        | |  4.9
Conjurations   | |  5.6

Action                     |  1- 3 |  4- 6 || total
---------------------------+-------+-------++-------
  Melee: Mace              |   112 |    71 ||   183
         Bite              |     6 |     8 ||    14
  Throw: Dart              |     2 |    13 ||    15
         Throwing net      |       |     1 ||     1
   Cast: Momentum Strike   |       |     7 ||     7
         Poisonous Vapours |       |    10 ||    10
         Kiss of Death     |       |     2 ||     2
    Use: Scroll            |     3 |     4 ||     7
         Potion            |       |     3 ||     3
   Stab: Sleeping          |     2 |       ||     2
         Held in net/web   |       |     1 ||     1
 Armour: Leather armour    |    21 |    20 ||    41
  Dodge: Dodged            |    82 |    53 ||   135

Table legend: (Time is in decaauts)
 A = Elapsed time spent in this place.
 B = Non-inter-level travel time spent in this place.
 C = Inter-level travel time spent in this place.
 D = Time resting spent in this place.
 E = Time spent auto-exploring this place.
 F = Levels seen in this place.
 G = Mean time per level.
                   A        B        C        D        E       F      G
               +--------+--------+--------+--------+--------+-----+--------+
         Total |   3320 |   3243 |     77 |     45 |   2629 |   4 |  830.0 |
       Dungeon |   3320 |   3243 |     77 |     45 |   2629 |   4 |  830.0 |
               +--------+--------+--------+--------+--------+-----+--------+

Top non-repeatable levels by time:
     D:2: 1239 daAuts
     D:1: 1195 daAuts
     D:3: 509 daAuts
     D:4: 376 daAuts
